[Event "*** Qualifier 3: Titled Tuesday 3|2 Blitz"]
[Site "Chess.com"]
[Date "2017.04.18"]
[Round "3"]
[White "Yaacovn"]
[Black "Alexander_Moskalenko"]
[Result "1-0"]
[WhiteElo "2600"]
[BlackElo "2651"]
[TimeControl "180+2"]
[EndTime "13:38:20 PDT"]
[Termination "Yaacovn won by resignation"]

1. d4 e6 2. Nf3 d5 3. Bf4 Bd6 4. Bg3 Ne7 5. c4 c6 6. Nc3 Nf5 7. e4 Nxg3 8. hxg3 dxe4 9. Nxe4 Bb4+ 10. Ned2 c5 11. a3 Bxd2+ 12. Qxd2 cxd4 13. Qxd4 Qxd4 14.
Nxd4 Bd7 15. O-O-O Nc6 16. Be2 Nxd4 17. Rxd4 Bc6 18. f3 Ke7 19. g4 a5 20. b3 e5 21.
Rd2 f6 22. Bd3 h6 23. Be4 Bxe4 24. fxe4 Rhd8 25. Rhd1 Rxd2 26. Rxd2 a4 27. b4 Rc8 28. c5 b6 29. Rd5 bxc5 30. bxc5 Rb8 31. Kc2 Rb3 32.
Rd3 Rb5 33. c6 g6 34. c7 Rc5+ 35. Rc3 Rxc3+ 36. Kxc3 Kd7 37. Kb4 Kxc7 38. Kxa4 h5 39. gxh5 gxh5 40. Kb4 Kb6 41. Kc4 Kc6 42. g3 Kd6 43. a4 Kc6 44. a5 Kb7 45. Kd5 Ka6 46. Ke6 h4 47. gxh4 Kxa5 48. Kxf6 Kb4 49. Kxe5 Kc5 1-0

[Event "*** Qualifier 3: Titled Tuesday 3|2 Blitz"]
[Site "Chess.com"]
[Date "2017.04.18"]
[Round "3"]
[White "chessking2151"]
[Black "Makalexa"]
[Result "1-0"]
[WhiteElo "2320"]
[BlackElo "2150"]
[TimeControl "180+2"]
[EndTime "13:38:20 PDT"]
[Termination "chessking2151 won on time"]

1. e4 e5 2. Nf3 Nc6 3. Bb5 Nd4 4.
Bc4 Nxf3+ 5. Qxf3 Qf6 6. Qe2 Bc5 7. Nc3 c6 8. d3 Ne7 9. Be3 Bd4 10. O-O O-O 11.
Qd2 Bxc3 12. bxc3 d5 13. Bg5 Qd6 14. Bxe7 Qxe7 15. exd5 c5 16. Qe3 Qd6 17. a4 b6 18.
a5 Bb7 19. d4 exd4 20. cxd4 Rac8 21. Rfd1 Rfe8 22. Qb3 cxd4 23. Rxd4 Qc5 24. Rg4 h5 25. Rh4 g5 26. Qg3 f6 27. Bd3 Qxd5 28. Rxh5 Kf7 29. Rh7+ Ke6 30. Re1+ 1-0

[Event "*** Qualifier 3: Titled Tuesday 3|2 Blitz"]
[Site "Chess.com"]
[Date "2017.04.18"]
[Round "3"]
[White "pedromartinez91"]
[Black "LuckyTiger"]
[Result "0-1"]
[WhiteElo "2331"]
[BlackElo "2596"]
[TimeControl "180+2"]
[EndTime "13:38:23 PDT"]
[Termination "LuckyTiger won by resignation"]

1. d4 Nf6 2. Nf3 c5 3. c3 g6 4. Bf4 Bg7 5. e3 O-O 6. Nbd2 d5 7. Be2 Nc6 8. Ne5 Nd7 9. Nxd7 Bxd7 10. Nf3 Qb6 11. Qb3 c4 12. Qxb6 axb6 13. O-O b5 14. a3 Bf5 15. Rac1 f6 16. Bg3 g5 17. Nd2 Bg6 18. f4 gxf4 19. exf4 e5 20. fxe5 fxe5 21. dxe5 Nxe5 22. Rxf8+ Rxf8 23. Bxe5 Bxe5 24. Nf3 Bf4 25. Rd1 Be3+ 26. Kh1 Be4 27. h3 Kg7 28. Kh2 Rf5 29.
Kg3 Kf7 30. Nd2 Rg5+ 31. Kh4 Rxg2 32. Nxe4 dxe4 33. Bg4 Rd2 34. Re1 Bf2+ 0-1

[Event "*** Qualifier 3: Titled Tuesday 3|2 Blitz"]
[Site "Chess.com"]
[Date "2017.04.18"]
[Round "3"]
[White "jcibarra"]
[Black "mwpchess"]
[Result "1-0"]
[WhiteElo "2650"]
[BlackElo "2387"]
[TimeControl "180+2"]
[EndTime "13:38:28 PDT"]
[Termination "jcibarra won by resignation"]

1. e4 c6 2. Nf3 d5 3. Nc3 Bg4 4.
h3 Bxf3 5. Qxf3 e6 6. d3 Nd7 7. Bd2 Bc5 8. g4 Ne7 9. g5 Bd4 10. h4 Qb6 11. O-O-O Nc5 12. h5 O-O 13. Bh3 Rad8 14.
Qg2 Bxc3 15. Bxc3 d4 16. Bd2 Na4 17. b3 Nc3 18. Bxc3 dxc3 19. Rdg1 Qb4 20. Kd1 g6 21.
hxg6 Nxg6 22. Qh2 Qxe4 23. Bg2 Qg4+ 24. f3 Qh4 25. Qxh4 Nxh4 26. Rxh4 Kg7 27. f4 Rd4 28. Be4 Rh8 29. Rgh1 f5 30. gxf6+ Kxf6 31. Rxh7 Rxh7 32. Rxh7 b6 33. Rxa7 c5 34. Rc7 Rd8 35. Rc6 Ke7 36. Rxb6 Rg8 37. Ke2 Rg1 38. d4 cxd4 39. Kd3 Rd1+ 40.
Kc4 Kd7 41. Bd3 Ra1 42. a4 1-0

[Event "*** Qualifier 3: Titled Tuesday 3|2 Blitz"]
[Site "Chess.com"]
[Date "2017.04.18"]
[Round "3"]
[White "VMikhalevski"]
[Black "MyleneFarmer"]
[Result "1-0"]
[WhiteElo "2560"]
[BlackElo "2329"]
[TimeControl "180+2"]
[EndTime "13:38:46 PDT"]
[Termination "VMikhalevski won by resignation"]

1. g3 d5 2. Nf3 Nf6 3. Bg2 c6 4.
O-O g6 5. b3 Bg7 6. Bb2 O-O 7.
c4 a5 8. d3 a4 9. Qc2 Na6 10. Bc3 Bg4 11. Nbd2 Re8 12. b4 b5 13. c5 Nd7 14. Bxg7 Kxg7 15. Nd4 Nxb4 16. Qc3 e5 17. Qxb4 exd4 18. Qxd4+ Nf6 19. e3 Qa5 20. Nf3 Bxf3 21. Bxf3 Qc7 22. Rab1 Qe5 23. Rb4 Qxd4 24. Rxd4 Nd7 25. Rc1 Ne5 26. Bg2 f5 27. e4 dxe4 28. dxe4 Red8 29. Rcd1 Rxd4 30. Rxd4 fxe4 31. Rxe4 Nd3 32.
Re7+ Kf8 33. Rxh7 Kg8 34. Rc7 b4 35. Rxc6 Rd8 36. Rxg6+ Kf7 37. Rb6 Rd4 38. c6 a3 39.
c7 1-0

[Event "*** Qualifier 3: Titled Tuesday 3|2 Blitz"]
[Site "Chess.com"]
[Date "2017.04.18"]
[Round "3"]
[White "MartinMatthiesen"]
[Black "chipmunknau"]
[Result "0-1"]
[WhiteElo "2226"]
[BlackElo "2402"]
[TimeControl "180+2"]
[EndTime "13:38:51 PDT"]
[Termination "chipmunknau won on time"]

1. d4 Nf6 2. c4 c5 3. d5 e6 4. Nc3 exd5 5. cxd5 d6 6. Nf3 a6 7. a4 g6 8. g3 Bg7 9. Bg2 O-O 10. O-O Nbd7 11. Bf4 Qe7 12. h3 Nh5 13. Bg5 f6 14. Bd2 f5 15. Ng5 Ne5 16. Qb3 Kh8 17. Ne6 Bxe6 18. dxe6 Rab8 19. a5 f4 20. g4 f3 21. exf3 Nxf3+ 22. Bxf3 Rxf3 23. Nd5 Qf8 24. e7 Qf7 25. Bc3 Nf6 26. Rad1 Ne4 27. Bxg7+ Kxg7 28. Qc4 Ng5 29. Kg2 Nxh3 30. Rde1 Re8 31. Re2 Ng5 0-1

[Event "*** Qualifier 3: Titled Tuesday 3|2 Blitz"]
[Site "Chess.com"]
[Date "2017.04.18"]
[Round "3"]
[White "grzechu96"]
[Black "Schemato"]
[Result "1-0"]
[WhiteElo "2375"]
[BlackElo "2235"]
[TimeControl "180+2"]
[EndTime "13:39:00 PDT"]
[Termination "grzechu96 won by resignation"]

1. e4 e6 2. d4 d5 3. Nc3 Nf6 4.
e5 Nfd7 5. f4 c5 6. Nf3 Nc6 7.
Be3 Be7 8. Qd2 O-O 9. dxc5 Bxc5 10. O-O-O Qa5 11. a3 Rb8 12. Nd4 Nxd4 13. Bxd4 b5 14. Ne2 Qxd2+ 15. Rxd2 Bxd4 16. Nxd4 Nc5 17. Bxb5 Ba6 18.
Bxa6 Nxa6 19. Nb3 Rfc8 20. Kb1 Nc5 21. Nxc5 Rxc5 22. Rd4 h5 23. Rhd1 g6 24. c3 a5 25.
Kc2 Rcb5 26. b4 axb4 27. Rxb4 Kf8 28. Rdb1 Rxb4 29. cxb4 Rc8+ 30. Kb3 Rc4 31. b5 Ke7 32. g3 Kd7 33. Rb2 Re4 34. Rc2 Re3+ 35. Kb4 Re1 36. a4 Rb1+ 37. Ka5 Ra1 38. b6 d4 39. Kb5 d3 40.
Rd2 Rb1+ 41. Ka6 Rb3 42. a5 Kc6 43. Rd1 Rc3 44. b7 Rb3 45. Rc1+ Kd5 46. Ka7 Ke4 47. b8=Q Rxb8 48. Kxb8 d2 49. Ra1 1-0

[Event "*** Qualifier 3: Titled Tuesday 3|2 Blitz"]
[Site "Chess.com"]
[Date "2017.04.18"]
[Round "3"]
[White "the_drake"]
[Black "CM_FM_IM_GM"]
[Result "1-0"]
[WhiteElo "2194"]
[BlackElo "1993"]
[TimeControl "180+2"]
[EndTime "13:39:01 PDT"]
[Termination "the_drake won by checkmate"]

1. e4 c6 2. d4 d5 3. Nd2 dxe4 4.
Nxe4 Nd7 5. Nf3 Ngf6 6. Neg5 e6 7.
Bc4 Nb6 8. Bb3 h6 9. Nxf7 Kxf7 10. Ne5+ Ke8 11. O-O Bd7 12. c4 Qc7 13. Re1 Rg8 14.
Bf4 g5 15. Bg3 Qd8 16. d5 h5 17. h3 Be7 18. a4 a5 19. Nxd7 Qxd7 20. Rxe6 Kf8 21. Qf3 Kg7 22. Rae1 Rae8 23. dxc6 bxc6 24. Rxc6 Nc8 25. Be5 Rgf8 26. c5 g4 27. Qf4 gxh3 28. Qg5+ Kh7 29. Bc2+ Kh8 30. Qh6+ Kg8 31. Qg6+ Kh8 32.
Qh7# 1-0

[Event "*** Qualifier 3: Titled Tuesday 3|2 Blitz"]
[Site "Chess.com"]
[Date "2017.04.18"]
[Round "3"]
[White "abubakrtagelsir"]
[Black "NowInChess"]
[Result "1-0"]
[WhiteElo "2144"]
[BlackElo "1967"]
[TimeControl "180+2"]
[EndTime "13:39:02 PDT"]
[Termination "abubakrtagelsir won on time"]

1. e4 e6 2. d4 d5 3. Nc3 Nc6 4. Nf3 Nf6 5. Bd3 Bb4 6. e5 Ne4 7. Bd2 Nxd2 8. Qxd2 f6 9. O-O fxe5 10. Nxe5 Nxe5 11.
dxe5 O-O 12. Qe2 Qg5 13. Nb5 Rf7 14. c3 Bf8 15. f4 Rxf4 16. Rxf4 Qxf4 17. Rf1 Bc5+ 18.
Kh1 Qg5 19. Qf3 Qe7 20. Qh5 g6 21. Bxg6 hxg6 22. Qxg6+ Qg7 23. Qe8+ Bf8 24. Nxc7 Rb8 25. Nxe6 Bxe6 26. Qxe6+ Kh8 27. Rf7 Qg5 28. Qh3+ Bh6 29. g3 Qc1+ 30. Rf1 Qg5 31. Rf6 Kg7 32. Qd7+ Kh8 33.
Qd6 Qc1+ 34. Kg2 Qc2+ 35. Kh3 Kg7 36. Qxb8 1-0

[Event "*** Qualifier 3: Titled Tuesday 3|2 Blitz"]
[Site "Chess.com"]
[Date "2017.04.18"]
[Round "3"]
[White "RichardLeyvaP"]
[Black "daro94"]
[Result "0-1"]
[WhiteElo "2366"]
[BlackElo "2752"]
[TimeControl "180+2"]
[EndTime "13:39:09 PDT"]
[Termination "daro94 won on time"]

1. e4 d6 2. d4 g6 3. Nc3 Bg7 4.
Be3 a6 5. f4 b5 6. Nf3 Nd7 7.
e5 Nh6 8. Bd3 Bb7 9. O-O c5 10.
exd6 c4 11. Be4 Bxe4 12. Nxe4 O-O 13. Re1 exd6 14. c3 d5 15. Nc5 Ng4 16. Nxd7 Nxe3 17. Rxe3 Qxd7 18. Qe2 Rfe8 19. Ne5 Qd6 20. Re1 Re6 21. Nxf7 Rxe3 22. Nxd6 Rxe2 23. Rxe2 Bf8 24. Re6 Rb8 25. f5 b4 26. Kf2 b3 27. a4 Rb6 28.
Nc8 Rxe6 29. fxe6 Ba3 30. e7 Kf7 31. Nb6 Bxb2 32. Nxd5 Bc1 33. Nc7 Kxe7 0-1

[Event "*** Qualifier 3: Titled Tuesday 3|2 Blitz"]
[Site "Chess.com"]
[Date "2017.04.18"]
[Round "3"]
[White "XDPS"]
[Black "Alex_Molchanov"]
[Result "0-1"]
[WhiteElo "2536"]
[BlackElo "2448"]
[TimeControl "180+2"]
[EndTime "13:39:13 PDT"]
[Termination "Alex_Molchanov won by resignation"]

1. d4 Nf6 2. Nf3 e6 3. c4 b6 4. e3 Bb7 5. Bd3 Ne4 6. O-O f5 7. Ne1 Bd6 8. Qh5+ g6 9. Qh6 Qg5 10. Qh3 Qg4 11. Qxg4 fxg4 12. f3 gxf3 13. gxf3 Ng5 14.
Nc3 O-O 15. d5 exd5 16. cxd5 Na6 17. f4 Nf7 18. e4 Rae8 19. a3 Bc5+ 20. Kg2 Bd4 21.
Nb5 Bg7 22. Bc2 c6 23. dxc6 dxc6 24. Nc3 Bxc3 25. bxc3 c5 26. Nf3 Bxe4 27. Ba4 Rd8 28. Re1 Nd6 29. Kg3 c4 30. Ng5 Nc5 31. Bd1 h6 32.
Nf3 Nf5+ 33. Kf2 Nd3+ 34. Kf1 Nxe1 35. Kxe1 Rxd1+ 36. Kxd1 Bxf3+ 37. Kc2 Be4+ 0-1

[Event "*** Qualifier 3: Titled Tuesday 3|2 Blitz"]
[Site "Chess.com"]
[Date "2017.04.18"]
[Round "3"]
[White "kleinebeer98"]
[Black "maciek_92"]
[Result "1-0"]
[WhiteElo "2465"]
[BlackElo "2522"]
[TimeControl "180+2"]
[EndTime "13:39:21 PDT"]
[Termination "kleinebeer98 won by resignation"]

1. e4 c5 2. Nf3 Nc6 3. d4 cxd4 4.
Nxd4 e6 5. Nc3 a6 6. Be3 Nf6 7. Bd3 Qc7 8. O-O Be7 9. Kh1 h5 10. f4 Ng4 11. Bg1 b5 12. h3 Bb7 13. Qf3 f5 14. Rfe1 g6 15. Rad1 Kf7 16. Qf1 Bf6 17.
Bxb5 fxe4 18. Nxc6 axb5 19. Ne5+ Bxe5 20. fxe5+ Kg8 21.
Nxb5 Qxe5 22. Rxd7 Rf8 23. Qxf8+ Kxf8 24. Rf1+ Kg8 25. Rxb7 e3 26. Rd1 Qf6 27. Rdd7 e2 28.
Rb8+ Qf8 29. Rxf8+ Kxf8 30. Bc5+ Ke8 31. Re7+ Kd8 32. Rxe6 Re8 33. Rxe8+ Kxe8 34. Bb4 Ne3 35. Nd4 1-0

[Event "*** Qualifier 3: Titled Tuesday 3|2 Blitz"]
[Site "Chess.com"]
[Date "2017.04.18"]
[Round "3"]
[White "Drags95"]
[Black "Abrito99"]
[Result "1/2-1/2"]
[WhiteElo "2530"]
[BlackElo "2336"]
[TimeControl "180+2"]
[EndTime "13:39:21 PDT"]
[Termination "Game drawn by repetition"]

1. e4 e6 2. d4 d5 3. Nc3 Bb4 4. e5 c5 5. a3 Bxc3+ 6. bxc3 Qa5 7.
Bd2 Qa4 8. Qg4 Kf8 9. Qd1 b6 10. h4 Ne7 11. h5 h6 12. Nf3 Ba6 13.
Bxa6 Qxa6 14. Rh4 Nbc6 15. Rf4 Ke8 16. Nh4 Rf8 17. Qg4 cxd4 18. cxd4 Qc4 19. c3 Rg8 20. Qf3 g5 21. hxg6 fxg6 22. Rf6 Kd7 23. Qh3 Kc7 24. Rxe6 g5 25. Nf5 g4 26. Qh5 Rg5 27.
Bxg5 Qxc3+ 28. Ke2 Qxa1 29. Rxe7+ Nxe7 30. Bxe7 Qb2+ 31. Ke3 Qc1+ 32. Ke2 Qc2+ 33. Ke3 Qc1+ 34. Kd3 Qd1+ 35. Kc3 Qc1+ 36. Kd3 Qd1+ 37. Ke3 Qc1+ 38. Ke2 Qc2+ 39. Ke3 Qc1+ 40. Ke2 Qc2+ 1/2-1/2

[Event "*** Qualifier 3: Titled Tuesday 3|2 Blitz"]
[Site "Chess.com"]
[Date "2017.04.18"]
[Round "3"]
[White "Outsmiter"]
[Black "aRk_iN"]
[Result "1-0"]
[WhiteElo "2093"]
[BlackElo "2072"]
[TimeControl "180+2"]
[EndTime "13:39:21 PDT"]
[Termination "Outsmiter won by resignation"]

1. e4 c5 2. Nc3 Nc6 3. f4 e6 4.
Nf3 Be7 5. Bb5 Nd4 6. a4 a6 7. Bc4 Nf6 8. e5 Ng4 9. O-O h5 10. d3 Nf5 11. Qe2 d5 12. exd6 Qxd6 13. Ne4 Qc7 14.
Bd2 Bd7 15. c3 Bc6 16. Ne5 Bd5 17. Nxg4 hxg4 18. Qxg4 Bxc4 19. dxc4 O-O-O 20. Qe2 Rh7 21. a5 Rdh8 22. h3 Qc6 23. Rf3 Nh4 24. Rd3 Bf6 25.
Rd1 Kb8 26. b4 cxb4 27. cxb4 Nf5 28. Nxf6 gxf6 29. Be1 Rg7 30. Kh2 Rhg8 31. g4 Nh6 32. b5 Qc7 33. Bg3 f5 34. g5 Ng4+ 35. hxg4 Rh8+ 36.
Kg2 Qxc4 37. Rd8+ Rxd8 38. Rxd8+ Kc7 39. Qxc4+ Kxd8 40. gxf5 1-0

[Event "*** Qualifier 3: Titled Tuesday 3|2 Blitz"]
[Site "Chess.com"]
[Date "2017.04.18"]
[Round "3"]
[White "GMHess"]
[Black "GamayevOleg"]
[Result "1-0"]
[WhiteElo "2527"]
[BlackElo "2397"]
[TimeControl "180+2"]
[EndTime "13:39:22 PDT"]
[Termination "GMHess won by resignation"]

1. d4 d6 2. e4 Nf6 3. Nc3 e5 4.
dxe5 dxe5 5. Qxd8+ Kxd8 6. Nf3 Bd6 7. Nd2 Nfd7 8. Nc4 Be7 9. Nd5 Bc5 10. Bg5+ f6 11. Bh4 c6 12. Nde3 Kc7 13. Nf5 Bf8 14.
O-O-O Nc5 15. Nfd6 Be6 16. Ne8+ Kc8 17. f3 Nbd7 18. b3 b5 19. Na5 Nb8 20. Kb1 Nb7 21.
Nxb7 Kxb7 22. Nd6+ Kc7 23. Ne8+ Kb7 24. Be2 Nd7 25.
Nd6+ Kc7 26. Nf5 Bxf5 27. exf5 Bc5 28. Rd3 Rad8 29. Be1 Nb8 30. h4 Rxd3 31. Bxd3 h6 32. Rh3 Rd8 33. Rg3 Rd7 34. Rg6 Re7 35. Ba5+ Bb6 36.
Bb4 c5 37. Bd2 a6 38. g4 Nd7 39. g5 hxg5 40. hxg5 Nf8 41. gxf6 Nxg6 42. fxg6 gxf6 43.
Bh6 c4 44. bxc4 bxc4 45. Bxc4 Kd6 46. Bf8 1-0

[Event "*** Qualifier 3: Titled Tuesday 3|2 Blitz"]
[Site "Chess.com"]
[Date "2017.04.18"]
[Round "3"]
[White "Roachelley"]
[Black "SabinaFoisor"]
[Result "0-1"]
[WhiteElo "2129"]
[BlackElo "2200"]
[TimeControl "180+2"]
[EndTime "13:39:22 PDT"]
[Termination "SabinaFoisor won by resignation"]

1. e4 e5 2. Nf3 Nc6 3. Bb5 a6 4. Ba4 Nf6 5. O-O Be7 6. c3 d6 7. d4 b5 8. Bc2 Bg4 9. d5 Nb8 10. h3 Bh5 11. Be3 c6 12. dxc6 Nxc6 13. Nbd2 O-O 14.
Re1 Rc8 15. Nf1 d5 16. exd5 Qxd5 17. Qxd5 Nxd5 18. g4 Bg6 19. Bxg6 hxg6 20. Ng3 f5 21. Bg5 e4 22. Bxe7 Ncxe7 23. Ne5 Nf4 24. Kh2 Nc6 25.
Nxc6 Rxc6 26. Rad1 Nd3 27. Re2 Ne5 28. Rd5 Nf3+ 29.
Kg2 b4 30. cxb4 Rc1 31. Nf1 Rfc8 32. Red2 Nxd2 33. Nxd2 R1c2 34. b3 Rxa2 35. Nc4 Rf8 36. g5 f4 37. Re5 e3 0-1

[Event "*** Qualifier 3: Titled Tuesday 3|2 Blitz"]
[Site "Chess.com"]
[Date "2017.04.18"]
[Round "3"]
[White "JoachimBN"]
[Black "underdogchss"]
[Result "1-0"]
[WhiteElo "2653"]
[BlackElo "2419"]
[TimeControl "180+2"]
[EndTime "13:39:27 PDT"]
[Termination "JoachimBN won on time"]

1. c4 Nf6 2. Nc3 e5 3. Nf3 Nc6 4. e3 g6 5. d4 exd4 6. exd4 Bg7 7. d5 Qe7+ 8. Be2 Ne5 9. Nxe5 Qxe5 10.
O-O O-O 11. Bf3 c6 12. Re1 Qd6 13. Be3 Re8 14. c5 Qf8 15. Qd3 cxd5 16. Nb5 Re5 17. Rad1 b6 18. Nd6 Ne4 19. Nxe4 dxe4 20. Bxe4 Ba6 21. Qxa6 Rxe4 22. Rxd7 bxc5 23. b3 Bd4 24. Qb7 Rae8 25. Qxa7 Bxe3 26. fxe3 Rxe3 27. Rf1 R3e7 28. a4 Rxd7 29. Qxd7 c4 30. bxc4 Re2 31.
Qa7 Qe8 32. h3 h5 33. a5 Ra2 34. c5 Qe3+ 35. Kh1 Rf2 36. Rxf2 Qxf2 37. Qb8+ Kh7 38.
Qc7 Kg7 39. c6 Qc5 40. a6 h4 41. a7 1-0

[Event "*** Qualifier 3: Titled Tuesday 3|2 Blitz"]
[Site "Chess.com"]
[Date "2017.04.18"]
[Round "3"]
[White "Saitama_Hero"]
[Black "GMSAGOR"]
[Result "0-1"]
[WhiteElo "2160"]
[BlackElo "2071"]
[TimeControl "180+2"]
[EndTime "13:39:28 PDT"]
[Termination "GMSAGOR won by resignation"]

1. d4 Nf6 2. c4 e6 3. Nc3 Bb4 4.
f3 O-O 5. a3 Bxc3+ 6. bxc3 d6 7. e4 e5 8. Bd3 Nc6 9. Ne2 h6 10. Be3 Re8 11. Qd2 Na5 12. Rb1 b6 13. Ng3 c5 14. d5 Nh7 15. h4 Nf8 16. h5 Qf6 17.
Nf1 Ba6 18. Qe2 Rab8 19. g4 Qe7 20. Ng3 f6 21. Nf5 Qd7 22. Kf2 Nh7 23. Kg3 Ng5 24.
f4 exf4+ 25. Bxf4 Bxc4 26. Bxc4 Rxe4 27. Bb5 Qxf5 28. gxf5 Rxe2 29. Bxe2 Ne4+ 30. Kf3 Nxc3 31. Rbc1 Nxd5 32. Rhd1 Nxf4 33. Kxf4 Rd8 34. Bf3 Kf8 35. Bd5 b5 36. Rb1 a6 37. Re1 c4 38. Re3 Nb3 39. Rbe1 Nc5 40. Re7 Nd3+ 41. Kg3 Nxe1 42. Rxe1 Rc8 43.
Rc1 Rc5 44. Be6 Ke7 45. Kf4 d5 46. Ke3 Kd6 47. Kd4 a5 48. Rg1 c3 49. Rxg7 c2 0-1

[Event "*** Qualifier 3: Titled Tuesday 3|2 Blitz"]
[Site "Chess.com"]
[Date "2017.04.18"]
[Round "3"]
[White "Bugcrusher"]
[Black "WanderingPuppet"]
[Result "1-0"]
[WhiteElo "2509"]
[BlackElo "2307"]
[TimeControl "180+2"]
[EndTime "13:39:32 PDT"]
[Termination "Bugcrusher won by checkmate"]

1. d4 Nc6 2. g3 e5 3. d5 Nce7 4. Nc3 Nf6 5. e4 Ng6 6. Bg2 Bc5 7. h4 h5 8. Qe2 d6 9. Be3 Bxe3 10.
Qxe3 O-O 11. Nf3 c6 12. O-O-O c5 13. Ng5 b5 14. f4 b4 15. Ne2 Bg4 16. f5 Ne7 17.
Bf3 Qa5 18. Kb1 c4 19. Bxg4 Nxg4 20. Qf3 c3 21. f6 Nxf6 22. g4 hxg4 23. Qg3 cxb2 24.
h5 Qb5 25. Rh2 Rac8 26. h6 gxh6 27. Qh4 Qc4 28. Rd2 Ng6 29. Qxh6 g3 30. Nh7 Ng4 31. Nf6+ Nxf6 32. Nxg3 Qc5 33. Nf5 Qg1+ 34. Kxb2 Rxc2+ 35. Rxc2 Qxh2 36. Qg7# 1-0

[Event "*** Qualifier 3: Titled Tuesday 3|2 Blitz"]
[Site "Chess.com"]
[Date "2017.04.18"]
[Round "3"]
[White "rithwik2002"]
[Black "Jamaladam12200620"]
[Result "0-1"]
[WhiteElo "1773"]
[BlackElo "1981"]
[TimeControl "180+2"]
[EndTime "13:39:33 PDT"]
[Termination "Jamaladam12200620 won on time"]

1. d4 Nf6 2. c4 c5 3. d5 g6 4. Nc3 Bg7 5. Nf3 O-O 6. h3 d6 7. Bf4 Qa5 8. Nd2 Nbd7 9. e3 Nh5 10. Bh2 Bxc3 11. bxc3 Qxc3 12. Be2 Ng7 13. O-O Ne8 14.
Nf3 Qg7 15. e4 Nef6 16. e5 dxe5 17. Nxe5 Ne4 18. Qc2 Nd6 19. Nf3 b6 20. Bd3 Nf6 21. Rfe1 Re8 22. Re2 Bf5 23. Rae1 Bxd3 24. Qxd3 Qf8 25.
Qc3 Nf5 26. d6 e5 27. Bxe5 Nd7 28. Bf4 Rxe2 29. Rxe2 Rd8 30. Qe1 Nxd6 31. Bxd6 Qxd6 32. Re8+ Rxe8 33. Qxe8+ Nf8 34. Ne5 Qe6 35. Qb8 Kg7 36. Nf3 Qxc4 37. Qxa7 b5 38. g3 Qd5 0-1

[Event "*** Qualifier 3: Titled Tuesday 3|2 Blitz"]
[Site "Chess.com"]
[Date "2017.04.18"]
[Round "3"]
[White "juniortay"]
[Black "stefanodinn"]
[Result "0-1"]
[WhiteElo "2311"]
[BlackElo "2191"]
[TimeControl "180+2"]
[EndTime "13:39:38 PDT"]
[Termination "stefanodinn won by resignation"]

1. e4 c5 2. Nf3 d6 3. d4 cxd4 4.
Qxd4 Nf6 5. e5 Nc6 6. Bb5 Qa5+ 7. Nc3 Qxb5 8. Nxb5 Nxd4 9. Nfxd4 dxe5 10. Nc7+ Kd7 11. Nxa8 exd4 12. Bf4 Nd5 13. O-O-O e6 14. Rxd4 Bc5 15.
Rd2 Kc6 16. Bg3 b5 17. a4 a6 18. Rhd1 Bb7 19. axb5+ axb5 20. Nc7 Nxc7 21. Rd7 Nd5 22. Rxf7 g5 23. Re1 Bc8 24. Be5 Rf8 25. Rxh7 Rxf2 26.
Rh8 Bd7 27. Bg3 Rxg2 28. Rg8 b4 29. Kb1 Be3 30. Ra8 Bf4 31. Ra6+ Kb7 32. Ra5 Bxg3 33. hxg3 Rxg3 34. Rh1 Kb6 35. Rh7 Kxa5 36. Rxd7 g4 0-1

[Event "*** Qualifier 3: Titled Tuesday 3|2 Blitz"]
[Site "Chess.com"]
[Date "2017.04.18"]
[Round "3"]
[White "Journey_to_GrandMaster_YT"]
[Black "pKiLz5Rn9b"]
[Result "0-1"]
[WhiteElo "2301"]
[BlackElo "2465"]
[TimeControl "180+2"]
[EndTime "13:39:40 PDT"]
[Termination "pKiLz5Rn9b won on time"]

1. d4 Nf6 2. Nf3 e6 3. e3 c5 4. Bd3 d5 5. b3 Nc6 6. O-O Bd6 7.
Bb2 O-O 8. a3 b6 9. Ne5 Bb7 10.
Nd2 Rc8 11. f4 Ne7 12. Rf3 Ne4 13. Rh3 g6 14. Ndf3 f6 15. Ng4 Nf5 16. Nh6+ Kg7 17. Nxf5+ exf5 18. Qe1 c4 19. Qh4 h5 20. Bf1 cxb3 21.
cxb3 Rc2 22. Rb1 Qe7 23. Ne1 Rd2 24. Nf3 Rc2 25. Bd3 Rc7 26. b4 a5 27. bxa5 bxa5 28.
a4 Bc6 29. Bxe4 fxe4 30. Nd2 Bxa4 31. f5 Be8 32. fxg6 Bxg6 33. Nf1 f5 34. Qf2 f4 35. exf4 Rxf4 36. Qd2 a4 37. Ba3 Rxf1+ 38. Rxf1 Bxa3 39. Qa5 Bb4 40. Qxd5 e3 41. Qf3 e2 42. Re1 Bxe1 43. d5 Bf2+ 0-1

[Event "*** Qualifier 3: Titled Tuesday 3|2 Blitz"]
[Site "Chess.com"]
[Date "2017.04.18"]
[Round "3"]
[White "armago"]
[Black "ka1ser64"]
[Result "0-1"]
[WhiteElo "2156"]
[BlackElo "2329"]
[TimeControl "180+2"]
[EndTime "13:39:43 PDT"]
[Termination "ka1ser64 won on time"]

1. d4 d5 2. c4 dxc4 3. Nf3 Nf6 4.
e3 e6 5. Bxc4 c5 6. O-O a6 7.
Qe2 b5 8. Bd3 Bb7 9. a4 b4 10.
Nbd2 Be7 11. e4 cxd4 12. e5 Nfd7 13. Ne4 Nc5 14. Nxc5 Bxc5 15. Ng5 Nd7 16. f4 Qe7 17.
Bd2 h6 18. Qh5 O-O 19. Bh7+ Kh8 20. Bd3 f5 21. Nh3 Qf7 22. Qe2 Nb6 23. Rac1 Rfc8 24. g4 Qg6 25. g5 Be4 26. Kf2 Nd5 27. Bxa6 d3+ 28. Qe3 Bxe3+ 29. Bxe3 Rxc1 30. Rxc1 Rxa6 31. Rc8+ Kh7 32. b3 Nxe3 33. Kxe3 Qh5 0-1

[Event "*** Qualifier 3: Titled Tuesday 3|2 Blitz"]
[Site "Chess.com"]
[Date "2017.04.18"]
[Round "3"]
[White "brauliocuarta"]
[Black "FearlessKing64"]
[Result "1-0"]
[WhiteElo "2143"]
[BlackElo "2163"]
[TimeControl "180+2"]
[EndTime "13:39:46 PDT"]
[Termination "brauliocuarta won on time"]

1. d4 Nf6 2. c4 g6 3. Nc3 d5 4. Nf3 Bg7 5. h4 Bg4 6. Bg5 c6 7. e3 Ne4 8. Bd3 Nxg5 9. hxg5 e5 10. cxd5 exd4 11. exd4 cxd5 12. Qb3 Bxf3 13. gxf3 O-O 14. Qxb7 Nd7 15. Qxd5 Qe7+ 16. Kf1 Nb6 17. Qc5 Qd7 18. Rh4 Rac8 19. Qb4 Nd5 20. Qb3 Ne7 21. Ne4 Nf5 22. Nf6+ Bxf6 23. Bxf5 Qxf5 24. gxf6 Qxf6 25. Rh3 Qxd4 26.
Kg2 Rc5 27. Rah1 h5 28. Rg3 Kg7 29. Qb7 Rf5 30. Qe7 Qf6 31. Qe4 Rf4 32. Qe3 Rd8 33.
Rxh5 Rd7 34. Re5 Rd1 35. Rh5 1-0

[Event "*** Qualifier 3: Titled Tuesday 3|2 Blitz"]
[Site "Chess.com"]
[Date "2017.04.18"]
[Round "3"]
[White "johnathan113"]
[Black "Kubas1010"]
[Result "1-0"]
[WhiteElo "2468"]
[BlackElo "2400"]
[TimeControl "180+2"]
[EndTime "13:39:51 PDT"]
[Termination "johnathan113 won by resignation"]

1. e4 e5 2. Nf3 Nc6 3. d4 exd4 4. Nxd4 g6 5. Be3 Bg7 6. Nc3 Nf6 7. Be2 O-O 8. Qd2 Re8 9. f3 d5 10. Nxc6 bxc6 11.
O-O-O Qe7 12. Bg5 Rb8 13. a3 dxe4 14. fxe4 Nxe4 15. Bxe7 Nxd2 16. Rxd2 Rxe7 17. Rd8+ Bf8 18. Ba6 Bxa6 19. Rxb8 f5 20. Ra8 Bc4 21. Rxa7 Bh6+ 22. Kb1 Bg7 23. Ra4 Be6 24. Rb4 g5 25. a4 c5 26. Rb5 Bd4 27. a5 Bc4 28. Rb8+ Kf7 29. Nb5 Be5 30. Rb7 c6 31. Rxe7+ Kxe7 32. Nc3 h5 33.
Re1 Kd6 34. Na4 f4 35. b3 Ba6 36. Nxc5 Bc3 37. Ne4+ Kd5 38. Nxc3+ Kd4 39. Ne4 g4 40.
Ng5 h4 41. Re4+ 1-0

[Event "*** Qualifier 3: Titled Tuesday 3|2 Blitz"]
[Site "Chess.com"]
[Date "2017.04.18"]
[Round "3"]
[White "peteseeger"]
[Black "prochn"]
[Result "1-0"]
[WhiteElo "2121"]
[BlackElo "2171"]
[TimeControl "180+2"]
[EndTime "13:39:57 PDT"]
[Termination "peteseeger won by checkmate"]

1. e4 c6 2. d4 d5 3. e5 Bf5 4. h4 h5 5. Bd3 Bxd3 6. Qxd3 e6 7.
Bg5 Qb6 8. Nd2 Qa6 9. c4 Bb4 10. b3 c5 11. Nf3 Nc6 12. O-O Nge7 13. dxc5 Bxc5 14. a3 dxc4 15. Nxc4 Rd8 16. Qc2 O-O 17. b4 Bd4 18. Rae1 Rd5 19. Ne3 Bxe3 20. Rxe3 Ng6 21. Rfe1 Qb5 22. g3 a5 23. a4 Qxb4 24. Rb1 Qc5 25.
Rc3 Qa7 26. Be3 Qa8 27. Bc5 Rfd8 28. Ng5 Ncxe5 29. Qe2 Nd3 30. Qxh5 Nxc5 31. Qh7+ Kf8 32. Rf3 R8d7 33. Qxg6 Rf5 34. Rxf5 exf5 35. Qxf5 Qc8 36. Nh7+ Kg8 37. Ng5 Rd1+ 38. Rxd1 Qxf5 39. Rd8# 1-0